AoeStats
← ThePatriot

Arena

505108568Analyzed
2v2 RM · 25d ago on Sep 7, 2026· 42m 54s· 4 players
Game mode
Random Map
Map size
Medium (4 player)
Population
200
Speed
Normal
Resources
Standard
Victory
Conquest
Starting age
Dark Age
Ending age
Imperial Age
RankedLock teamsTeams togetherTeam positionsShared explorationLock speedFull tech treeHidden civsTurbo modeCheats
Victory
Defeat
🇺🇸 Goths · United States
842
+33
🇺🇸 Armenians · United States
842
+33
🇫🇷 Italians · France
847
-16
🇫🇷 Khmer · France
804
-14
Romain Le Conquérant
0:42 Loom
10:35 Feudal Age
10:57 Horse Collar
11:18 Double-Bit Axe
18:16 Castle Age
16:28 Town Watch
18:21 Wheelbarrow
17:48 Gold Mining
18:13 Stone Mining
18:47 Fletching
18:57 Padded Archer Armor
20:13 Padded Archer Armor
23:29 Heavy Plow
23:41 Bow Saw
26:04 Stone Shaft Mining
31:13 Imperial Age
29:57 Ballistics
33:08 Chemistry
32:27 Leather Archer Armor
32:07 Bodkin Arrow
33:23 Hand Cart
35:29 Bracer
36:00 Ring Archer Armor
40:48 Elite Genoese Crossbowman
Roubiz
11:00 Feudal Age
11:41 Double-Bit Axe
17:12 Castle Age
22:29 Bow Saw
22:02 Horse Collar
24:33 Gold Mining
24:37 Stone Mining
27:00 Wheelbarrow
27:53 Scale Barding Armor
27:38 Fletching
29:43 Hand Cart
34:41 Imperial Age
34:46 Town Watch
34:50 Loom
35:50 Double Crossbow
35:35 Man-at-Arms
35:41 Pikeman
37:15 Long Swordsman
39:38 Two-Handed Swordsman
39:47 Heavy Scorpion
40:21 Elite Battle Elephant
42:39 Scale Mail Armor
42:50 Forging
ThePatriot
8:55 Feudal Age
10:54 Wheelbarrow
10:08 Double-Bit Axe
16:35 Castle Age
16:33 Horse Collar
17:32 Bow Saw
18:35 Hand Cart
22:09 Heavy Plow
24:43 Stone Mining
24:43 Gold Mining
24:47 Loom
24:53 Town Watch
26:27 Forging
26:17 Scale Mail Armor
26:29 Man-at-Arms
26:31 Pikeman
27:17 Squires
27:47 Long Swordsman
30:15 Stone Shaft Mining
29:59 Anarchy
33:03 Imperial Age
31:10 Town Patrol
35:08 Iron Casting
34:48 Chain Mail Armor
36:12 Elite Huskarl
36:57 Perfusion
39:00 Conscription
42:21 Blast Furnace
JFMoody
8:42 Loom
10:35 Feudal Age
12:12 Double-Bit Axe
14:05 Horse Collar
17:57 Castle Age
20:25 Bow Saw
20:08 Gold Mining
23:00 Fervor
24:34 Heavy Plow
25:13 Gold Shaft Mining
24:32 Stone Mining
26:14 Wheelbarrow
28:42 Hand Cart
28:13 Town Watch
28:51 Scale Mail Armor
29:01 Forging
28:43 Fletching
28:53 Padded Archer Armor
29:29 Sanctity
28:57 Man-at-Arms
29:22 Gambesons
29:38 Squires
29:29 Arson
29:39 Gambesons
29:54 Long Swordsman
30:49 Bodkin Arrow
31:29 Iron Casting
30:44 Two-Handed Swordsman
33:03 Chain Mail Armor
33:04 Leather Archer Armor
36:48 Champion
40:56 Cilician Fleet
43:38 Imperial Age
Connection lost

Rejoining the realm…

Still unreachable

The connection could not be restored.

Session expired

The server has moved on; the page needs a fresh start.